 Dungeon Crawl Stone Soup version 0.18.1-50-g88ac8fd (webtiles) character file.

3315 HopefulHyena the Fighter (level 9, -1/83 HPs)
             Began as a Minotaur Fighter on Sept 13, 2016.
             Was a Priest of Makhleb.
             Shot with an arrow by a centaur (3 damage)
             ... on level 9 of the Dungeon on Sept 15, 2016.
             The game lasted 01:08:20 (7518 turns).

HopefulHyena the Fighter (Minotaur Fighter)         Turns: 7518, Time: 01:08:21

Health: -1/83      AC: 14    Str: 23 (25) XL:     9   Next: 71%
Magic:  0/8        EV:  8    Int:  4 (5)  God:    Makhleb [***...]
Gold:   572        SH: 11    Dex:  6 (9)  Spells: 0 memorised, 8 levels left

rFire  + . .     SeeInvis .     a - +0 long sword
rCold  . . .     Gourm    .     g - +0 chain mail
rNeg   . . .     Faith    .     c - +0 shield
rPois  .         Spirit   +     (helmet restricted)
rElec  .         Dismiss  .     t - +0 cloak
rCorr  .         Reflect  .     o - +0 pair of gloves {Deathgrip}
SustAt .         Harm     .     (no boots)
MR     .....     Rnd*Rage +     m - amulet of guardian spirit
Stlth  ..........               A - +1 ring of evasion
                                E - ring of protection from fire

@: not resistant to hostile enchantments, extremely unstealthy
A: retaliatory headbutt, horns 2, berserk 1, screaming 1, MP-powered wands
a: Minor Destruction, Lesser Servant of Makhleb, Renounce Religion


You were on level 9 of the Dungeon.
You worshipped Makhleb.
Makhleb was most pleased with you.
You were not hungry.

You visited 2 branches of the dungeon, and saw 10 of its levels.

You collected 572 gold pieces.

Inventory:

Hand Weapons
 a - a +0 long sword (weapon)
 s - a +3 quarterstaff of chaos
 u - a +1 mace of protection
 z - a +2 rapier of flaming
Missiles
 h - 155 stones (quivered)
Armour
 b - a +0 scale mail
 c - a +0 shield (worn)
 g - a +0 chain mail (worn)
 o - a +0 pair of gloves (worn) {Deathgrip}
 t - a +0 cloak (worn)
 w - a shadow dragon hide
 D - a +0 ring mail of fire resistance
Jewellery
 m - an amulet of guardian spirit (around neck)
 p - an uncursed amulet of rage {Angerstone Amulet}
 y - an uncursed ring of protection from cold
 A - a +1 ring of evasion (right hand)
 E - a ring of protection from fire (left hand)
Wands
 i - a wand of digging (11/24)
Scrolls
 d - 2 scrolls of magic mapping
 e - 2 scrolls of identify
 f - a scroll of amnesia
 k - a scroll of blinking
 n - 3 scrolls of remove curse
 r - 4 scrolls of teleportation
 F - a scroll of immolation
Potions
 j - 3 potions of lignification
 q - 2 potions of resistance
 v - a potion of agility
 B - a potion of invisibility
 H - a potion of haste
Comestibles
 l - 7 fruits
 x - a meat ration
 C - 5 bread rations


   Skills:
 + Level 9.0 Fighting
 + Level 8.9 Long Blades
 + Level 8.9 Armour
 - Level 0.7 Dodging
 + Level 9.0 Shields


You had 8 spell levels left.
You didn't know any spells.

Dungeon Overview and Level Annotations

Branches:
Dungeon (9/15)             Temple (1/1) D:6            Lair (0/8) D:9
    Orc: D:9-12

Altars:
Ashenzari
Cheibriados
Dithmenos
Elyvilon
Fedhas
Gozag
Kikubaaqudgha
Makhleb
Nemelex Xobeh
Okawaru
Pakellas
Ru
Sif Muna
Trog
Vehumet
Xom
Yredelemnul
Zin
The Shining One

Shops:
D:6 :   D:8 ?


Innate Abilities, Weirdness & Mutations

You reflexively headbutt those who attack you in melee.
You have a pair of horns on your head.
You tend to lose your temper in combat.
You occasionally shout uncontrollably at your foes.
You expend magic power (3 MP) to strengthen your wands.


Message History

The sky beast barely misses you.
The centaur shoots an arrow.
The arrow hits you.
* * * LOW HITPOINT WARNING * * *
You block the sky beast's attack.
The centaur shoots an arrow.
The arrow hits you but does no damage.
The centaur shoots an arrow.
You block the arrow. The sky beast hits you.
* * * LOW HITPOINT WARNING * * *
The sky beast shocks you.
* * * LOW HITPOINT WARNING * * *
The centaur shoots an arrow.
The arrow hits you but does no damage.
The sky beast hits you but does no damage.
The centaur shoots an arrow.
You block the arrow.
The sky beast hits you but does no damage.
The centaur shoots an arrow.
The arrow hits you!
* * * LOW HITPOINT WARNING * * *
The sky beast closely misses you.
The centaur shoots an arrow.
The arrow hits you but does no damage. You block the sky beast's attack.
The centaur shoots an arrow.
The arrow hits you.
You die... .## ... ..# ..# . #.##..# .P #.....# .PP

##..# .... #..## ..
..... ##..# #..
>...$.###...# #..)
......$Y@...####....
.....###.....#....#
... ##...c....# .
##.......#
##.)....##
##.......#
##..####.... #..##
#... ##.## ...


You could see a sky beast and a centaur.

Vanquished Creatures
  An elephant (D:9)
  A troll (D:9)
  A spriggan (D:7)
  Eustachio (D:5)
  A hippogriff (D:7)
  A phantom (D:4)
  2 black bears
  A necrophage (D:9)
  2 ice beasts
  An ogre (D:8)
  A crocodile (D:9)
  A big kobold (D:8)
  2 giant frogs
  A wyvern zombie (D:7)
  2 scorpions
  A howler monkey (D:4)
  5 crimson imps
  A quasit (D:8)
  9 orc wizards
  Crazy Yiuf (D:3)
  A giant frog skeleton (D:9)
  2 hounds
  A jelly (D:8)
  A centaur skeleton (D:7)
  An orc priest (D:7)
  Jessica (D:2)
  Terence (D:3)
  5 iguanas
  7 worker ants
  A sheep (D:9)
  Robin (D:2)
  4 gnolls (D:4)
  10 adders
  A shadow imp (D:5)
  An ooze (D:3)
  An adder zombie (D:7)
  An adder skeleton (D:7)
  A worm (D:3)
  A dart slug (D:1)
  3 giant geckos
  9 orcs
  11 bats
  3 giant cockroaches
  9 hobgoblins
  11 jackals
  10 kobolds
  6 quokkas
  A ball python (D:4)
  A giant gecko skeleton (D:5)
  5 giant newts
  14 goblins
  A jackal skeleton (D:4)
  A quokka skeleton (D:4)
  5 rats
168 creatures vanquished.

Vanquished Creatures (others)
  A troll (D:8)
1 creature vanquished.

Grand Total: 169 creatures vanquished

Notes
Turn   | Place    | Note
--------------------------------------------------------------
     0 | D:1      | HopefulHyena the Minotaur Fighter began the quest for the Orb.
     0 | D:1      | Reached XP level 1. HP: 19/19 MP: 0/0
   139 | D:1      | Reached XP level 2. HP: 17/27 MP: 1/1
  1042 | D:2      | Reached XP level 3. HP: 33/33 MP: 2/2
  1203 | D:2      | Noticed Robin
  1211 | D:2      | Killed Robin
  1644 | D:2      | Reached XP level 4. HP: 40/40 MP: 3/3
  1682 | D:2      | Found a burning altar of Makhleb.
  1707 | D:2      | Became a worshipper of Makhleb the Destroyer
  1772 | D:2      | Found a deep blue altar of Sif Muna.
  1967 | D:2      | Noticed Jessica
  1970 | D:2      | Killed Jessica
  1970 | D:2      | Reached XP level 5. HP: 44/47 MP: 4/4
  2150 | D:3      | Reached * piety under Makhleb
  2265 | D:3      | Noticed Crazy Yiuf
  2271 | D:3      | Killed Crazy Yiuf
  2401 | D:3      | Noticed Terence
  2404 | D:3      | Killed Terence
  2404 | D:3      | Reached skill level 5 in Fighting
  2694 | D:3      | Found an ancient bone altar of Kikubaaqudgha.
  2817 | D:4      | Upgraded the game from 0.18.1-48-g4cf74bf to 0.18.1-50-g88ac8fd
  2899 | D:4      | Reached skill level 5 in Armour
  2899 | D:4      | Reached skill level 5 in Shields
  2899 | D:4      | Reached XP level 6. HP: 44/56 MP: 5/5
  3386 | D:4      | Reached XP level 7. HP: 28/62 MP: 6/6
  3391 | D:4      | Reached ** piety under Makhleb
  3604 | D:4      | Reached skill level 5 in Long Blades
  4137 | D:5      | Entered Level 5 of the Dungeon
  4243 | D:5      | Found a shimmering altar of Xom.
  4390 | D:5      | Noticed Eustachio
  4415 | D:5      | Killed Eustachio
  4575 | D:5      | Reached XP level 8. HP: 68/71 MP: 7/7
  4602 | D:5      | Found a glowing drain.
  4871 | D:5      | Found an opulent altar of Gozag.
  4871 | D:5      | Found a white marble altar of Elyvilon.
  5043 | D:6      | Found a sacrificial altar of Ru.
  5144 | D:6      | Found Ravomic's Book Emporium.
  5551 | D:6      | Found a staircase to the Ecumenical Temple.
  5559 | Temple   | Entered the Ecumenical Temple
  6496 | D:7      | Gained mutation: You expend magic power (3 MP) to strengthen your wands. [potion of mutation]
  6496 | D:7      | Gained mutation: You tend to lose your temper in combat. [potion of mutation]
  6496 | D:7      | Gained mutation: You occasionally shout uncontrollably at your foes. [potion of mutation]
  6536 | D:8      | Found Teng's Magic Scroll Shop.
  6559 | D:8      | Reached *** piety under Makhleb
  6579 | D:8      | Reached XP level 9. HP: 54/81 MP: 5/8
  7171 | D:8      | Found an oddly glowing altar of Pakellas.
  7171 | D:8      | Noticed an orange crystal statue
  7173 | D:8      | Noticed a troll
  7179 | D:8      | Killed a troll
  7411 | D:9      | Found a staircase to the Lair.
  7411 | D:9      | Noticed an elephant
  7413 | D:9      | Noticed a troll
  7435 | D:9      | Killed an elephant
  7447 | D:9      | Killed a troll
  7516 | D:9      | HP: 2/83 [centaur/arrow (5)]
  7518 | D:9      | Shot with an arrow by a centaur

Skill      XL: |  1  2  3  4  5  6  7  8  9 |
---------------+----------------------------+-----
Fighting       | 4 5 6 7 9 |  9.0
Armour         | 4 5 6 7 8 |  8.9
Shields        | 4 5 6 7 9 |  9.0
Long Blades    | 3 4 6 7 8 |  8.9
Dodging        | |  0.7

Action                   |  1- 3 |  4- 6 |  7- 9 || total
-------------------------+-------+-------+-------++-------
Melee: Long sword        |    79 |   131 |   350 ||   560
       Headbutt          |    12 |    26 |    70 ||   108
 Fire: Hunting sling     |       |     2 |       ||     2
  Use: Scroll            |     5 |     3 |     8 ||    16
       Potion            |     3 |     1 |     5 ||     9
  Eat: Fruit             |     1 |       |     2 ||     3
       Bread ration      |     1 |       |     1 ||     2
       Pizza             |       |     1 |       ||     1
       Beef jerky        |       |     1 |     1 ||     2
       Meat ration       |       |       |     2 ||     2
Armor: Scale mail        |    52 |    62 |    58 ||   172
       Chain mail        |       |       |   185 ||   185
Dodge: Dodged            |    40 |    51 |   151 ||   242
Block: Shield            |    70 |    79 |   238 ||   387
